 Dungeon Crawl Stone Soup version 0.30.0-10-gfe55d96785 (webtiles) character file.

Game seed: 430785683192462599

1619 Brecoman the Grave Robber (level 8, -7/61 HPs)
             Began as a Mummy Necromancer on May 14, 2023.
             Was a Follower of Cheibriados.
             Mangled by a wight
             ... wielding a +0 spear
              (11 damage)
             ... on level 6 of the Dungeon.
             The game lasted 00:23:46 (6569 turns).

Brecoman the Grave Robber (Mummy Necromancer)       Turns: 6569, Time: 00:23:46

Health: -7/61      AC:  4    Str: 16    XL:     8   Next: 64%
Magic:  14/17      EV: 13    Int: 16    God:    Cheibriados [*.....]
Gold:   199        SH:  0    Dex: 17    Spells: 13/19 levels left

rFire   x . .        c - +7 war axe of Ixkuoh {drain, Fly Dex+3}
rCold   + . .        (no shield)
rNeg    + + +        t - +0 leather armour of the Gastropod {Regen+}
rPois   ∞            (no helmet)
rElec   .            m - +0 cloak
rCorr   .            (no gloves)
SInv    .            (no boots)
Will    +....        (no amulet)
Stlth   ++           (no ring)
HPRegen 1.10/turn    (no ring)
MPRegen 0.15/turn

%: faith
@: on blink cooldown, flying, very slow
A: cold resistance 1, negative energy resistance 3, torment resistance 2, heat
vulnerability 1, in touch with death 1, no potions, faith
a: Renounce Religion, Bend Time


You were on level 6 of the Dungeon.
You worshipped Cheibriados.
Cheibriados was aware of your devotion.
You visited 2 branches of the dungeon, and saw 7 of its levels.

You collected 199 gold pieces.

Inventory:

Hand Weapons
 b - a +2 heavy mace
 c - the +7 war axe of Ixkuoh (weapon) {drain, Fly Dex+3}
   (You found it on level 5 of the Dungeon)

   Dex:       It affects your dexterity (+3).
   Fly:       It grants you flight.
 i - a +3 dagger
Armour
 a - a +0 robe
 e - a +0 ring mail
 m - a +0 cloak (worn)
 s - a +0 scale mail of willpower
 t - the +0 leather armour of the Gastropod (worn) {Regen+}
   (You found it on level 5 of the Dungeon)

   Regen:     It increases your rate of health regeneration.
Jewellery
 p - an amulet of reflection
Wands
 j - a wand of iceblast (1)
 n - a wand of flame (8)
 r - a wand of mindburst (5)
Scrolls
 d - a scroll of enchant armour {unknown}
 f - a scroll of magic mapping
 g - 2 scrolls of amnesia
 h - a scroll of immolation
 k - 5 scrolls of teleportation
 l - a scroll of enchant weapon
 o - a scroll of vulnerability {unknown}
 q - a scroll of noise {unknown}


   Skills:
 + Level 4.4 Fighting
 + Level 2.5 Armour
 + Level 4.1 Dodging
 - Level 1.5 Stealth
 + Level 6.1 Spellcasting
 + Level 6.2 Necromancy
 + Level 2.7 Translocations
 + Level 2.2 Invocations


You had 13 spell levels left.
You knew the following spells:

 Your Spells              Type           Power      Damage    Failure   Level
a - Necrotise             Necr           100%       1d9       1%          1
b - Vampiric Draining     Necr           37%        2d8       3%          3
c - Blink                 Tloc           26%        N/A       8%          2

Your spell library contained the following spells:

 Spells                   Type           Power      Damage    Failure   Level
 Lesser Beckoning         Tloc           26%        N/A       8%          2
 Animate Dead             Necr           37%        N/A       12%         4
 Momentum Strike          Conj/Tloc      18%        3d8       14%         2
 Slow                     Hex            16%        N/A       16%         1
 Ensorcelled Hibernation  Hex/Ice        8%         N/A       24%         2
 Agony                    Necr           37%        N/A       34%         5
 Anguish                  Hex/Necr       11%        N/A       41%         4
 Confusing Touch          Hex            4%         N/A       43%         3
 Spider Form              Tmut/Pois      Unusable   N/A       N/A         3

Dungeon Overview and Level Annotations

Branches:
Dungeon (6/15)             Temple (1/1) D:5

Altars:
Cheibriados
Dithmenos
Gozag
Hepliaklqana
Makhleb
Qazlal
Sif Muna
Trog
Uskayaw
Vehumet
Wu Jian
Xom

Shops:
D:1 [*?   D:2 :   D:4 :

Annotations:
D:6 Sigmund


Innate Abilities, Weirdness & Mutations

You are immune to poison.
Your flesh is cold resistant. (rC+)
You are immune to negative energy. (rN+++)
You are immune to unholy pain and torment.
You are vulnerable to heat. (rF-)
You are in touch with the powers of death.
You do not drink.
You have a special connection with the divine. (Faith)


Message History

You hit the wight but do no damage.
The wight is lightly damaged.
You barely miss the bullfrog. The bullfrog hits you.
The wight closely misses you.
The bullfrog hits you but does no damage.
The wight barely misses you. The wight misses you.
You hit the wight.
The wight is moderately damaged.
You hit the bullfrog. You drain the bullfrog.
The bullfrog hits you but does no damage.
The bullfrog closely misses you. The wight completely misses you.
The wight hits you from afar with a +0 spear!
Casting: Necrotise (safe; 1% risk of failure)
Confirm with . or Enter, or press ? or * to list all spells.
Aiming: Vampiric Draining (dangerous; 4% risk of failure)
Press: ? - help, Shift-Dir - straight line, f - bullfrog
Aim: a bullfrog (heavily wounded, lightly drained)
You feel a surge of power!
You draw life force from the bullfrog!
You kill the bullfrog!
Cheibriados thoroughly appreciates the change of pace.
You can now bend time to slow others.
Cheibriados raises the support of your attributes as your movement slows.
You feel life coursing into your body. The wight hits you with a +0 spear!
The wight hits you but does no damage. The wight attacks as you move away!
The wight misses you.
The wight hits you from afar with a +0 spear.
The wight hits you from afar with a +0 spear!
* * * LOW HITPOINT WARNING * * *
The wight hits you from afar with a +0 spear.
* * * LOW HITPOINT WARNING * * *
Okay, then.
Okay, then.
The wight hits you from afar with a +0 spear.
* * * LOW HITPOINT WARNING * * *
Casting: Vampiric Draining (dangerous; 3% risk of failure)
Confirm with . or Enter, or press ? or * to list all spells.
You blink.
The wight hits you with a +0 spear!
* * * LOW HITPOINT WARNING * * *
The wight hits you from afar with a +0 spear!
You die...

#......z#'#..# ##.......≈≈..#
#.....##....# #.......≈≈..#
#...##.....# #.####..≈≈..#
#'######### #....#..≈≈..#
###..#### #.._.#..≈≈..#
#.......# #....#......#
#'#####.##.#### #...........#
..............#######.##......#
########z#.....z@####....######
#z#.##...z.§...####
#.#.##.##z###### #z#†...##.#
#.#.##.##.# #.........#
###########


You could see 3 wights.

Vanquished Creatures
  Menkaure (D:6)
  Edmund (D:5)
  3 water moccasins
  An ice beast (D:5)
  2 phantoms
  A bullfrog (D:6)
  4 scorpions
  A wight (D:6)
  2 jellies (D:4)
  An orc priest (D:4)
  Crazy Yiuf (D:3)
  3 iguanas
  Ijyb (D:5)
  Natasha (twice) (D:2)
  4 adders
  5 gnolls
  A white imp (D:6)
  3 ufetubi
  4 worms
  3 dart slugs
  7 orcs
  8 endoplasms
  2 giant cockroaches
  8 goblins
  6 hobgoblins
  10 ball pythons
  3 bats
  3 frilled lizards
  9 kobolds
  6 rats
106 creatures vanquished.

Vanquished Creatures (collateral kills)
  An orc (D:5)
  A frilled lizard (D:1)
2 creatures vanquished.

Grand Total: 108 creatures vanquished

Notes
Turn   | Place    | Note
-------+----------+-------------------------------------------
     0 | D:1      | Brecoman the Mummy Necromancer began the quest for the Orb.
     0 | D:1      | Reached XP level 1. HP: 13/13 MP: 4/4
   448 | D:1      | Reached XP level 2. HP: 20/20 MP: 5/5
   595 | D:1      | Found Neunik's Assorted Antiques.
   608 | D:1      | Reached skill level 1 in Fighting
   626 | D:1      | HP: 1/21 [dart slug (1)]
   628 | D:1      | Gained mutation: You are in touch with the powers of death.
                  | [Mummy growth]
   628 | D:1      | Reached XP level 3. HP: 1/26 MP: 0/7
   734 | D:1      | Learned a level 3 spell: Vampiric Draining
   759 | D:1      | Found Gyaseof's Magic Scroll Boutique.
   943 | D:1      | Found Arossis's Antique Armour Boutique.
  1735 | D:2      | Found Leecep's Vocational Training.
  1816 | D:2      | Reached XP level 4. HP: 32/32 MP: 4/9
  2263 | D:2      | Noticed Natasha
  2267 | D:2      | Killed Natasha
  2296 | D:2      | Noticed Natasha
  2305 | D:2      | Killed Natasha
  2428 | D:3      | Found a stormy altar of Qazlal.
  2577 | D:3      | Found a hide-covered altar of Uskayaw.
  2699 | D:3      | Found a faded altar of an unknown god.
  2740 | D:3      | Reached XP level 5. HP: 38/38 MP: 6/10
  3100 | D:3      | Found a runed translucent door.
  3101 | D:3      | Noticed Crazy Yiuf
  3107 | D:3      | Killed Crazy Yiuf
  3784 | D:4      | Learned a level 2 spell: Blink
  3832 | D:4      | Reached skill level 5 in Necromancy
  3832 | D:4      | Reached XP level 6. HP: 46/46 MP: 7/12
  4554 | D:4      | Found Sikkaemp's Book Boutique.
  4576 | D:4      | Reached skill level 1 in Translocations
  4579 | D:4      | Noticed a water moccasin
  4593 | D:4      | Killed a water moccasin
  4594 | D:4      | Reached skill level 5 in Spellcasting
  4594 | D:4      | Reached XP level 7. HP: 47/52 MP: 5/14
  4600 | D:4      | Found a radiant altar of Vehumet.
  4722 | D:4      | Reached skill level 1 in Armour
  5305 | D:5      | Entered Level 5 of the Dungeon
  5314 | D:5      | Found a staircase to the Ecumenical Temple.
  5324 | Temple   | Entered the Ecumenical Temple
  5343 | Temple   | Became a worshipper of Cheibriados the Contemplative
  5531 | D:5      | Identified the +7 war axe of Ixkuoh {drain, Fly Dex+3}
  5696 | D:5      | Reached skill level 1 in Invocations
  5701 | D:5      | Noticed Ijyb
  5717 | D:5      | Killed Ijyb
  5718 | D:5      | Reached XP level 8. HP: 40/60 MP: 6/16
  5738 | D:5      | Found a shimmering blue altar of Sif Muna.
  5884 | D:5      | Noticed Edmund
  5893 | D:5      | Killed Edmund
  6112 | D:5      | Identified the +0 leather armour of the Gastropod {Regen+}
  6250 | D:6      | Found an ornate altar of the Wu Jian Council.
  6261 | D:6      | Noticed Menkaure
  6268 | D:6      | Killed Menkaure
  6297 | D:6      | Noticed Sigmund
  6465 | D:6      | Reached * piety under Cheibriados
  6569 | D:6      | Mangled by a wight

Illustrated notes

Levels and vault maps discovered:
D:1:      dpeg_arrival_rooms_b, layout_basic, serial_shops, shop, shop, shop
D:2:      layout_basic, st_stairs_8, nicolae_shop_vocational, uniq_natasha
D:3:      layout_basic, nicolae_overflow_hidden_temple,
          nicolae_qazlal_general_emergency,
          hellmonk_ecumenical_altar_arch_garden, uniq_crazy_yiuf_cottage
D:4:      layout_basic, vehumet_altar_wand_db, serial_shops, shop, st_stairs_2
D:5:      layout_basic, lemuel_coloured_pillars_altar,
          minmay_temple_entry_glassed_door, kennysheep_nondescript,
          chequers_arboretum, uniq_ijyb, uniq_edmund
D:6:      layout_loops_cross, amcnicky_altar_gilded, nzn_wu_jian_contemplation,
          kiku_gazebo_pond_becter, mainiacjoe_overflow_chevrons,
          nicolae_hexahallways, feat_on_display, uniq_sigmund, uniq_menkaure,
          uniq_blork_the_orc
Temple:   hellmonk_temple_two_chambers

Skill      XL: |  1  2  3  4  5  6  7  8 |
---------------+-------------------------+-----
Spellcasting   | 3 4 5 6 |  6.1
Fighting       | 1 2 3 4 |  4.4
Dodging        | 2 3 4 |  4.1
Necromancy     | 5 6 |  6.2
Translocations | 1 2 |  2.7
Armour         | 1 2 |  2.5
Invocations    | 1 2 |  2.2
Stealth        | |  1.5

Action                     |  1- 3 |  4- 6 |  7- 9 || total
---------------------------+-------+-------+-------++-------
  Melee: Mace              |    21 |       |       ||    21
         Dagger            |       |    46 |    75 ||   121
         Punch             |       |     1 |       ||     1
         War axe           |       |       |    56 ||    56
   Cast: Necrotise         |    71 |    81 |    33 ||   185
         Vampiric Draining |       |     3 |     7 ||    10
         Blink             |       |       |     1 ||     1
  Evoke: Wand              |       |       |     7 ||     7
    Use: Scroll            |       |       |     6 ||     6
   Stab: Sleeping          |       |     2 |       ||     2
 Armour: Robe              |     3 |       |       ||     3
         Ring mail         |    24 |    19 |    37 ||    80
         Leather armour    |       |       |     6 ||     6
         Scale mail        |       |       |     5 ||     5
  Dodge: Dodged            |    32 |    55 |   108 ||   195
